Map: King's Cove LE

Players

GangusKaun - Winner!

  • Race: Protoss Protoss
  • League: Gold
  • Spawn Location: 5:00

PaulJim

  • Race: Terran Terran
  • League: Silver
  • Spawn Location: 11:00

VOD

Have the link to the VOD?

Description

Time

  • Played on: Dec. 8, 2024, 4:44 p.m.
  • Length: 12:39
Show
View Real Time Build Order
Export as new Build Order

GangusKaun Protoss - Winner!

Build Orders:  

Get SALT Encoding   

  12  0:10  Pylon  
  12  0:17  Probe  
  13  0:28  Gateway  
  13  0:32  Probe  
  14  0:44  Probe  
  14  0:47  Assimilator  
  15  0:57  Probe  
  16  1:09  Probe  
  17  1:20  Cybernetics Core  
  17  1:21  Probe  
  18  1:29  Probe  
  18  1:37  Probe  
  20  1:47  Probe  
  20  1:52  Nexus  
  21  2:05  Pylon  
  21  2:07  Warp Gate  
  21  2:08  Adept  
  21  2:09  Assimilator  
  23  2:27  Shield Battery  
  23  2:33  Probe  
  24  2:38  Adept  
  26  2:48  Twilight Council, Probe  
  27  3:03  Probe x2  
  28  3:11  Probe  
  29  3:15  Probe  
  31  3:23  Robotics Facility  
  31  3:42  Probe  
  31  3:48  Gateway  
  32  3:50  Gateway  
  32  3:53  Pylon  
  32  3:54  Probe x2  
  34  4:06  Probe x2  
  36  4:15  Warp Prism  
  36  4:17  Dark Shrine, Pylon  
  36  4:18  Probe x2  
  38  4:30  Probe  
  41  4:31  Stalker  
  43  4:49  Assimilator  
  43  4:51  Assimilator  
  43  4:54  Pylon  
  43  4:55  Observer  
  44  5:04  Probe  
  45  5:07  Probe  
  46  5:16  Probe  
  46  5:18  Stalker x3  
  53  5:22  Shield Battery  
  49  5:29  Observer  
  50  5:42  Dark Templar x3  
  56  5:52  Probe x2  
  56  5:56  Immortal  
  62  6:15  Probe x2  
  56  6:25  Gateway  
  56  6:26  Gateway  
  56  6:27  Probe x2  
  56  6:28  Gateway  
  56  6:32  Gateway  
  58  6:33  Pylon  
  58  6:36  Pylon  
  58  6:53  Nexus  
  58  6:57  Pylon, Probe x2  
  58  6:58  Blink  
  58  7:00  Pylon  
  60  7:03  Pylon, Immortal  
  64  7:21  Forge  
  64  7:23  Pylon, Stargate  
  64  7:25  Probe x2  
  66  7:38  Probe x2  
  66  7:42  Stalker x3, Protoss Ground Weapons Level 1  
  74  7:46  Observer  
  75  7:58  Pylon  
  75  8:02  Stalker x4  
  83  8:09  Assimilator  
  87  8:24  Void Ray  
  87  8:26  Templar Archives  
  87  8:29  Pylon  
  87  8:41  Protoss Air Weapons Level 1  
  87  8:52  Robotics Facility  
  87  8:56  Shield Battery  
  87  8:58  Shield Battery  
  87  9:00  Pylon  
  87  9:03  Assimilator  
  87  9:06  Psionic Storm  
  87  9:08  Probe  
  87  9:09  Probe x2  
  90  9:11  Photon Cannon  
  90  9:14  Photon Cannon  
  90  9:16  Photon Cannon  
  90  9:21  Probe  
  91  9:25  Observer  
  92  9:34  Zealot x2  
  92  9:35  Zealot x2  
  100  9:43  Protoss Shields Level 1  
  98  9:53  Dark Templar x3  
  98  10:12  Immortal x2  
  106  10:20  High Templar x3, Void Ray  
  110  10:51  Observer  
  110  11:00  Immortal  
  110  11:04  Archon x2  
  110  11:09  Stalker x2, Immortal  
  110  11:10  Stalker x5  
  132  11:20  Probe x2, Void Ray  
  108  11:46  Dark Templar x3  
  101  12:06  Zealot x4  
  105  12:15  Observer  
Show
View Real Time Build Order
Export as new Build Order

PaulJim Terran 

Build Orders:  

Get SALT Encoding   

  12  0:01  SCV  
  13  0:13  SCV  
  14  0:24  Supply Depot  
  14  0:26  SCV  
  15  0:46  SCV  
  15  0:47  Barracks  
  16  0:58  SCV  
  16  1:00  Supply Depot  
  17  1:10  SCV  
  18  1:15  Refinery  
  18  1:22  SCV  
  19  1:34  SCV  
  20  1:41  Marine  
  21  1:50  Orbital Command  
  21  1:51  Bunker  
  21  1:56  Refinery  
  22  2:10  Reaper  
  22  2:18  SCV  
  23  2:24  Engineering Bay  
  23  2:32  SCV  
  24  2:39  Factory  
  24  2:42  Marine  
  25  2:44  SCV  
  26  2:56  SCV  
  27  3:00  Marine, Command Center  
  28  3:08  SCV  
  29  3:15  Missile Turret  
  29  3:18  Marine  
  30  3:20  SCV  
  31  3:35  SCV  
  31  3:42  Factory Tech Lab  
  31  3:48  Barracks, Barracks Reactor  
  31  3:49  Supply Depot  
  31  3:56  Missile Turret  
  31  4:00  Bunker  
  31  4:03  Ghost Academy  
  31  4:07  Starport  
  31  4:11  SCV  
  31  4:14  Supply Depot  
  32  4:34  Siege Tank  
  35  4:43  Factory, Barracks Tech Lab  
  35  4:45  Starport Tech Lab  
  35  4:50  Planetary Fortress  
  35  4:54  Marine x2  
  37  5:02  SCV  
  37  5:05  Ghost  
  43  5:07  Widow Mine  
  43  5:25  Missile Turret  
  43  5:29  Factory Reactor  
  43  5:35  SCV  
  44  5:48  SCV  
  45  5:51  Missile Turret  
  45  6:00  Missile Turret  
  43  6:13  Bunker  
  43  6:25  Medivac, Command Center  
  45  6:31  Nuke  
  45  6:35  Widow Mine  
  47  6:43  Marine x2  
  47  6:44  Supply Depot  
  47  6:46  Supply Depot  
  49  6:55  Raven  
  49  7:00  Missile Turret  
  49  7:01  Marine x2  
  53  7:10  Siege Tank  
  53  7:11  Missile Turret  
  53  7:12  Widow Mine x2  
  60  7:29  Banshee  
  63  7:42  Widow Mine  
  65  7:45  Personal Cloaking  
  65  8:15  Neosteel Armor  
  65  8:29  Orbital Command  
  65  8:30  Missile Turret  
  65  8:35  Viking  
  67  9:00  Marine x2  
  69  9:05  Medivac, Widow Mine  
  73  9:16  Ghost Academy  
  73  9:18  Marine  
  73  9:24  Ghost Academy  
  74  9:26  Cyclone  
  77  9:42  Marine x2  
  79  9:57  Stimpack  
  79  9:59  Marine x2  
  77  10:11  SCV  
  77  10:12  Bunker  
  78  10:17  Marine  
  79  10:23  SCV  
  80  10:29  Sensor Tower, Marine  
  80  10:35  SCV, Marine  
  81  10:47  Marine  
  79  11:20  Missile Turret  
  79  11:24  Siege Tank  
  58  11:56  Siege Tank  
  53  12:08  Marine  
Tags
 
Add a new tag
Caveats
  • Supply blocks, unpowered buildings, or Contaminate may cause inaccurate times.
  • Supply counts are checked every 10 seconds.